 Dungeon Crawl Stone Soup version 0.18-a0-1577-gf591c28 (webtiles) character file.

182 Kidiri the Conjurer (level 5, 0/29 HPs)
             Began as a Deep Elf Conjurer on Mar 21, 2016.
             Killed by divine providence
             ... invoked by an orc priest
              (11 damage)
             ... on level 3 of the Dungeon.
             The game lasted 00:07:01 (2275 turns).

Kidiri the Conjurer (Deep Elf Conjurer)             Turns: 2275, Time: 00:07:01

Health: 0/29       AC:  2    Str:  5    XL:     5   Next: 34%
Magic:  0/13       EV: 14    Int: 21    God:
Gold:   151        SH:  0    Dex: 15    Spells: 4 memorised, 3 levels left

rFire  . . .     SeeInvis .     d - +0 dagger
rCold  . . .     Gourm    .     a - +0 robe
rNeg   . . .     Faith    .     (no shield)
rPois  +         Spirit   .     (no helmet)
rElec  .         Dismiss  .     (no cloak)
rCorr  .         Reflect  .     (no gloves)
SustAt .         Harm     .     (no boots)
MR     .....                    (no amulet)
Stlth  +++.......               p - ring of stealth
                                r - ring of poison resistance

@: not resistant to hostile enchantments, fairly stealthy
A: no striking features
a: no special abilities


You were on level 3 of the Dungeon.
You were not hungry.

You visited 1 branch of the dungeon, and saw 3 of its levels.

You collected 151 gold pieces.

Inventory:

Hand Weapons
 d - a +0 dagger (weapon)
Armour
 a - a +0 robe (worn)
 g - a -1 shield
Jewellery
 i - a +2 ring of strength
 p - a ring of stealth (right hand)
 r - a ring of poison resistance (left hand)
Wands
 l - a wand of slowing (39/48)
Scrolls
 q - a scroll of noise {unknown}
Potions
 e - a potion of ambrosia
 h - a potion of agility
 j - 2 potions of curing
 m - a potion of beneficial mutation {unknown}
 o - a potion of heal wounds {unknown}
Books
 b - a book of Conjurations

   Spells                             Type                      Level
   a - Magic Dart                     Conjuration                  1
   b - Searing Ray                    Conjuration                  2
   c - Dazzling Spray                 Conjuration/Hexes            3
   d - Fulminant Prism                Conjuration/Hexes            4
   e - Iskenderun's Mystic Blast      Conjuration                  4
   f - Iskenderun's Battlesphere      Conjuration/Charms           5
Comestibles
 c - 2 bread rations
 f - 10 chunks of flesh
 k - a meat ration
 n - a slice of pizza
 s - 5 fruits


   Skills:
 + Level 1.5 Fighting
 + Level 0.4 Armour
 * Level 3.6 Dodging
 - Level 2.4 Stealth
 + Level 0.8 Shields
 * Level 4.5 Spellcasting
 + Level 5.0 Conjurations
 + Level 1.8 Hexes


You had 3 spell levels left.
You knew the following spells:

 Your Spells              Type           Power        Failure   Level  Hunger
a - Magic Dart            Conj           ####         1%          1    None
b - Searing Ray           Conj           ####..       1%          2    #......
c - Dazzling Spray        Conj/Hex       ###.....     10%         3    ##.....
d - Iskenderun's Mystic   Conj           ####....     17%         4    ####...


Dungeon Overview and Level Annotations

Branches:
Dungeon (3/15)

Altars:
Elyvilon


Message History

The orc is almost dead.
The orc hits you with a mace.
Casting: Magic Dart
Confirm with . or Enter, or press ? or * to list all spells.
Aiming: Searing Ray
Press: ? - help, Shift-Dir - straight line, f/p - orc
Aim: an orc, wielding a mace and wearing a ring mail (almost dead)
The searing ray hits the orc.
You kill the orc!
The orc priest mumbles some strange prayers to Beogh against you.
Beogh smites you!
The searing ray hits the orc.
The orc priest calls down the wrath of Beogh upon you.
Beogh smites you!
* * * LOW HITPOINT WARNING * * *
Drink which item? (? for menu, Esc to quit)
It was a potion of curing.
You feel better.
The orc priest invokes the aid of Beogh against you.
Beogh smites you!
You die...

#.# #.# #.#
#.#############
#.............#
#############.#
#### #.# ...#
#.# ...# #@#
.... #o# ....
#.# (..# #.#
...# #). ###.
#o# #.# #.#


You could see an orc priest and an orc.

Vanquished Creatures
  An orc priest (D:3)
  Natasha (twice) (D:2)
  4 adders
  A worm (D:2)
  A dart slug (D:2)
  A giant gecko (D:1)
  3 orcs (D:3)
  2 giant cockroaches (D:2)
  7 hobgoblins
  8 jackals
  6 kobolds
  3 quokkas (D:2)
  5 bats
  4 giant newts (D:2)
  6 goblins
  4 rats
58 creatures vanquished.

Notes
Turn   | Place    | Note
--------------------------------------------------------------
     0 | D:1      | Kidiri the Deep Elf Conjurer began the quest for the Orb.
     0 | D:1      | Reached XP level 1. HP: 10/10 MP: 6/6
   219 | D:1      | Reached XP level 2. HP: 10/16 MP: 1/8
   223 | D:1      | Learned a level 2 spell: Searing Ray
   343 | D:1      | Reached skill level 1 in Fighting
   741 | D:2      | Reached XP level 3. HP: 13/20 MP: 0/10
   935 | D:2      | Learned a level 3 spell: Dazzling Spray
  1086 | D:2      | Reached skill level 1 in Hexes
  1188 | D:2      | Noticed Natasha
  1237 | D:2      | Killed Natasha
  1237 | D:2      | Reached XP level 4. HP: 25/25 MP: 5/11
  1305 | D:2      | Found a white marble altar of Elyvilon.
  1482 | D:2      | Learned a level 4 spell: Iskenderun's Mystic Blast
  1705 | D:2      | Noticed Natasha
  1713 | D:2      | Killed Natasha
  1899 | D:3      | Reached XP level 5. HP: 17/29 MP: 10/13
  2265 | D:3      | Reached skill level 5 in Conjurations
  2275 | D:3      | Killed from afar by an orc priest

Vault maps used:
D:1:      minmay_arrival_doors, st_stairs_5
D:2:      overflow_temple_1_default, uniq_natasha
D:3:      grunt_gozag_statues, minmay_misc_feat_rows

Skill      XL: |  1  2  3  4  5 |
---------------+----------------+-----
Fighting       | 1 |  1.5
Hexes          | 1 |  1.8
Dodging        | 3 |  3.6
Spellcasting   | 4 |  4.5
Conjurations   | 5 |  5.0
Armour         | |  0.4
Stealth        | |  2.4
Shields        | |  0.8

Action                   |  1- 3 |  4- 6 || total
-------------------------+-------+-------++-------
Melee: Dagger            |     9 |     7 ||    16
 Cast: Magic Dart        |    69 |    48 ||   117
       Searing Ray       |       |     3 ||     3
       Dazzling Spray    |       |     1 ||     1
  Use: Scroll            |     4 |     1 ||     5
       Potion            |       |     1 ||     1
 Stab: Sleeping          |       |     2 ||     2
  Eat: Chunk             |     1 |     3 ||     4
